 Dungeon Sprint DCSS version 0.27-a0-1147-gb3d8e82157 (webtiles) character file.

Game seed: 1402768020121142251

706 Vaeryne the Eclecticist (level 7, -6/32 HPs)
             Began as a Spriggan Air Elementalist on May 12, 2021.
             Was a Follower of Sif Muna.
             Mangled by a two-headed ogre
             ... wielding a +0 giant club
              (25 damage)
             ... in the Dungeon (Sprint IX: "|||||||||||||||||||||||||||||").
             The game lasted 00:02:26 (468 turns).

Vaeryne the Eclecticist (Spriggan Air Elementalist)  Turns: 468, Time: 00:02:28

Health: -6/32      AC:  3    Str:  4    XL:     7   Next: 39%
Magic:  7/29       EV: 17    Int: 22    God:    Sif Muna [*.....]
Gold:   0          SH:  0    Dex: 18    Spells: 29/41 levels left

rFire    . . .     SeeInvis +   b - +0 club
rCold    . . .     Faith    .   (shield restricted)
rNeg     . . .     Spirit   .   a - +0 robe
rPois    .         Reflect  .   (helmet restricted)
rElec    .         Harm     .   k - +0 cloak
rCorr    .         Rampage  .   (gloves unavailable)
Will     +....     NoTele   +   (boots unavailable)
Stlth    ++........             (no amulet)
HPRegen  0.10/turn              l - +3 ring of intelligence
MPRegen  0.21/turn              m - +3 ring of dexterity

@: very quick
A: very small, no large weapons, unfitting armour, see invisible, speed 3
a: Renounce Religion, Channel Magic


You were in the Dungeon.
You worshipped Sif Muna.
Sif Muna was aware of your devotion.
You visited 1 branch

Inventory:

Hand Weapons
 b - a +0 club (weapon)
Armour
 a - a +0 robe (worn)
 k - a +0 cloak (worn)
Jewellery
 l - a +3 ring of intelligence (left hand)
 m - a +3 ring of dexterity (right hand)
Wands
 j - a wand of acid (10)
Scrolls
 h - 2 scrolls of blinking
 i - 2 scrolls of amnesia
Potions
 c - 5 potions of curing
 d - 3 potions of heal wounds
 e - a potion of haste
 f - 4 potions of magic
 g - a potion of invisibility


   Skills:
 - Level 2.6 Dodging
 - Level 3.0 Stealth
 + Level 17.9 Spellcasting
 - Level 0.6 Conjurations
 - Level 2.6 Air Magic


You had 29 spell levels left.
You knew the following spells:

 Your Spells              Type           Power      Damage    Failure   Level
a - Shock                 Conj/Air       100%       1d9       1%          1
b - Static Discharge      Conj/Air       26%        N/A       1%          2
c - Airstrike             Air            15%        N/A       9%          4
d - Lightning Bolt        Conj/Air       13%        1d26      36%         5

Your spell library contained the following spells:

 Spells                   Type           Power      Damage    Failure   Level
 Swiftness                Air            31%        N/A       2%          3


Dungeon Overview and Level Annotations

Branches:
Dungeon (1/1)

Altars:
Cheibriados
Dithmenos
Elyvilon
Fedhas
Gozag
Hepliaklqana
Kikubaaqudgha
Makhleb
Nemelex Xobeh
Okawaru
Qazlal
Ru
Sif Muna
Trog
Uskayaw
Vehumet
Wu Jian
Xom
Yredelemnul
Zin
The Shining One
Beogh
Jiyva
Lugonu


Innate Abilities, Weirdness & Mutations

You are very small and have problems with some larger weapons.
You are too small for most types of armour.
You have supernaturally acute eyesight. (SInv)
You cover ground extremely quickly. (Speed+++)


Message History

Aiming: Shock (safe; 1% risk of failure)
Press: ? - help, Shift-Dir - straight line, f/p - two-headed ogre
Aim: a two-headed ogre, wielding two +0 giant clubs (severely wounded, 88% to hit)
The zap hits the two-headed ogre.
The two-headed ogre is severely wounded.
There is a hide-covered altar of Uskayaw here.
There is a bloodstained altar of Trog here.
There is a shimmering blue altar of Sif Muna here.
Casting: Shock (safe; 1% risk of failure)
Confirm with . or Enter, or press ? or * to list all spells.
Aiming: Shock (safe; 1% risk of failure)
Press: ? - help, Shift-Dir - straight line, f/p - two-headed ogre
Aim: a two-headed ogre, wielding two +0 giant clubs (severely wounded, 88% to hit)
The zap hits the two-headed ogre!
The two-headed ogre is almost dead.
Casting: Shock (safe; 1% risk of failure)
Confirm with . or Enter, or press ? or * to list all spells.
Aiming: Shock (safe; 1% risk of failure)
Press: ? - help, Shift-Dir - straight line, f/p - two-headed ogre
Aim: a two-headed ogre, wielding two +0 giant clubs (almost dead, 88% to hit)
The zap hits the two-headed ogre.
The two-headed ogre is almost dead.
There is a sacrificial altar of Ru here.
There is a stormy altar of Qazlal here.
There is an iron altar of Okawaru here.
Casting: Shock (safe; 1% risk of failure)
Confirm with . or Enter, or press ? or * to list all spells.
Aiming: Shock (safe; 1% risk of failure)
Press: ? - help, Shift-Dir - straight line, f/p - two-headed ogre
Aim: a two-headed ogre, wielding two +0 giant clubs (almost dead, 88% to hit)
The zap hits the two-headed ogre.
The two-headed ogre is almost dead.
Casting: Shock (safe; 1% risk of failure)
Confirm with . or Enter, or press ? or * to list all spells.
The two-headed ogre is struck by an arc of lightning.
The two-headed ogre is almost dead.
You are struck by an arc of lightning.
The lightning grounds out.
The two-headed ogre hits you with a +0 giant club!!
Ouch! That really hurt!
You die... ▓▓▓▓▓▓▓▓▓▓▓▓▓▓▓▓▓▓▓▓▓▓▓▓▓▓▓▓▓▓▓▓▓ .)..'__________O@____________'... ▓▓▓▓▓▓▓▓▓▓▓▓▓▓▓▓▓▓▓▓▓▓▓▓▓▓▓▓▓▓▓▓▓

You could see a two-headed ogre.

Vanquished Creatures
  A komodo dragon (D)
  A troll (D)
  A centaur (D)
  A phantom (D)
  2 howler monkeys (D)
  2 iguanas (D)
  An orc (D)
  An endoplasm (D)
  A ball python (D)
  A ball python zombie (D)
  2 goblins (D)
  A rat (D)
15 creatures vanquished.

Notes
Turn   | Place    | Note
-------+----------+-------------------------------------------
     0 | D        | Vaeryne the Spriggan Air Elementalist began the quest for
                  | the Orb.
     0 | D        | Reached XP level 1. HP: 9/9 MP: 5/5
     9 | D        | Reached skill level 4 in Spellcasting
   106 | D        | Noticed a howler monkey
   106 | D        | Noticed an iguana
   106 | D        | Noticed an iguana
   106 | D        | Noticed a phantom
   113 | D        | Reached skill level 5 in Spellcasting
   129 | D        | Killed a phantom
   130 | D        | Reached skill level 10 in Spellcasting
   130 | D        | Reached XP level 2. HP: 11/13 MP: 0/14
   130 | D        | Reached XP level 3. HP: 14/16 MP: 0/15
   130 | D        | Reached XP level 4. HP: 18/21 MP: 0/17
   131 | D        | Reached skill level 11 in Spellcasting
   139 | D        | Reached skill level 12 in Spellcasting
   139 | D        | Reached XP level 5. HP: 15/24 MP: 1/21
   251 | D        | Found a snail-covered altar of Cheibriados.
   251 | D        | Found a shadowy altar of Dithmenos.
   251 | D        | Found a white marble altar of Elyvilon.
   251 | D        | Found a blossoming altar of Fedhas.
   251 | D        | Found an opulent altar of Gozag.
   252 | D        | Found a hazy altar of Hepliaklqana.
   253 | D        | Found a viscous altar of Jiyva.
   254 | D        | Found an ancient bone altar of Kikubaaqudgha.
   255 | D        | Found a corrupted altar of Lugonu.
   256 | D        | Found a burning altar of Makhleb.
   257 | D        | Found a sparkling altar of Nemelex Xobeh.
   258 | D        | Found an iron altar of Okawaru.
   259 | D        | Found a stormy altar of Qazlal.
   260 | D        | Found a sacrificial altar of Ru.
   261 | D        | Found a shimmering blue altar of Sif Muna.
   262 | D        | Found a bloodstained altar of Trog.
   263 | D        | Found a hide-covered altar of Uskayaw.
   264 | D        | Found a radiant altar of Vehumet.
   265 | D        | Found an ornate altar of the Wu Jian Council.
   266 | D        | Found a shimmering altar of Xom.
   267 | D        | Found a basalt altar of Yredelemnul.
   268 | D        | Found a glowing silver altar of Zin.
   269 | D        | Became a worshipper of Sif Muna the Loreminder
   270 | D        | Found a glowing golden altar of the Shining One.
   417 | D        | Learned a level 2 spell: Static Discharge
   422 | D        | Learned a level 4 spell: Airstrike
   428 | D        | Learned a level 5 spell: Lightning Bolt
   428 | D        | Noticed a two-headed ogre
   428 | D        | Noticed a komodo dragon
   428 | D        | Noticed a centaur
   428 | D        | Noticed a troll
   434 | D        | Killed a centaur
   434 | D        | Reached * piety under Sif Muna
   435 | D        | Reached skill level 14 in Spellcasting
   435 | D        | Reached XP level 6. HP: 25/28 MP: 16/24
   455 | D        | Killed a troll
   455 | D        | Killed a komodo dragon
   456 | D        | Reached skill level 17 in Spellcasting
   456 | D        | Reached XP level 7. HP: 21/32 MP: 12/29
   468 | D        | Mangled by a two-headed ogre

Illustrated notes

Levels and vault maps discovered:
D:        linesprint [early_d, line_temple, items_1, d_10, items_2, lair_1,
          lair_end, items_3, orc_1, orc_end, items_4, d_15, swamp_1, shoals_1,
          snake_1, spider_1, d_20, vaults_1, items_5, swamp_end, shoals_end,
          snake_end, spider_end, vaults_end, d_27, items_6, zot_1, zot_end,
          crypt_end, forest_end, elf_end, slime_end, tomb_end, abyss_end,
          pan_hell_end]

Skill      XL: |  1  2  3  4  5  6 |
---------------+-------------------+-----
Spellcasting   | 10 12 14 17 | 17.9
Dodging        | |  2.6
Stealth        | |  3.0
Conjurations   | |  0.6
Air Magic      | |  2.6

Action                   |  1- 3 |  4- 6 |  7- 9 || total
-------------------------+-------+-------+-------++-------
Melee: Club              |     6 |     9 |       ||    15
       Unarmed           |     3 |       |       ||     3
 Cast: Shock             |    11 |    12 |     6 ||    29
       Static Discharge  |       |       |     1 ||     1
  Use: Potion            |     1 |       |       ||     1
Armor: Robe              |       |     2 |       ||     2
Dodge: Dodged            |     7 |     9 |       ||    16

Table legend: (Time is in decaauts)
 A = Elapsed time spent in this place.
 B = Non-inter-level travel time spent in this place.
 C = Inter-level travel time spent in this place.
 D = Time resting spent in this place.
 E = Time spent auto-exploring this place.
 F = Levels seen in this place.
 G = Mean time per level.
                   A        B        C        D        E       F      G
               +--------+--------+--------+--------+--------+-----+--------+
         Total |    439 |    439 |      0 |    300 |      0 |   1 |  439.0 |
       Dungeon |    439 |    439 |      0 |    300 |      0 |   1 |  439.0 |
               +--------+--------+--------+--------+--------+-----+--------+

Top non-repeatable levels by time:
       D: 439 daAuts
